 Dungeon Crawl Stone Soup version 0.30-a0-170-g85af917532 (webtiles) character file.

Game seed: 1949070050882121808

648 qw the Chopper (level 7, -10/44 HPs)
             Began as a Gargoyle Fighter on Sept 30, 2022.
             Mangled by an ogre
             ... wielding a +0 giant club
              (17 damage)
             ... on level 5 of the Dungeon.
             The game lasted 00:01:45 (4226 turns).

qw the Chopper (Gargoyle Fighter)                   Turns: 4226, Time: 00:01:46

Health: -10/44     AC: 18    Str: 21    XL:     7   Next: 53%
Magic:  7/7        EV:  5    Int:  9    God:
Gold:   188        SH:  4    Dex:  9    Spells: 6/6 levels left

rFire   . . .      SeeInvis .    Y - +1 war axe
rCold   . . .      Faith    .    c - +0 buckler
rNeg    + . .      Spirit   .    g - +2 plate armour
rPois   inf        Reflect  .    (no helmet)
rElec   +          Harm     .    (no cloak)
rCorr   .          Rampage  .    (no gloves)
Will    +....                    (no boots)
Stlth   ..........               (no amulet)
HPRegen 0.14/turn                o - ring of willpower
MPRegen 0.10/turn                (no ring)

@: about to teleport
A: sickness immunity, AC +4, negative energy resistance 1, electricity
resistance, torment resistance 1, petrification resistance
a: no special abilities


You were on level 5 of the Dungeon.
You visited 1 branch of the dungeon, and saw 5 of its levels.

You collected 188 gold pieces.


Innate Abilities, Weirdness & Mutations

You are immune to sickness and miasma.
Your stone body is resilient. (AC +4)
You are immune to poison.
You resist negative energy. (rN+)
You are resistant to electric shocks. (rElec)
You are resistant to unholy torment.
You are immune to petrification.


   Skills:
 + Level 4.4 Fighting
 - Level 7.0 Axes
 - Level 3.2 Armour
 - Level 3.2 Shields


You had 6 spell levels left.
You didn't know any spells.
Your spell library was empty.

Inventory:

Hand Weapons
 a - a +1 hand axe of flaming
 Y - a +1 war axe (weapon)
Armour
 c - a +0 buckler (worn)
 g - a +2 plate armour (worn)
Jewellery
 o - a ring of willpower (left hand)
Scrolls
 n - a scroll of identify
Potions
 d - 2 potions of might
 e - a potion of resistance {unknown}
 f - a potion of attraction {unknown}
 h - 2 potions of curing
 i - a potion of lignification
 k - a potion of berserk rage {unknown}
 l - a potion of heal wounds {unknown}
 m - a potion of flight {unknown}

Dungeon Overview and Level Annotations

Branches:
Dungeon (5/15)
 Temple: D:4-7

Altars:
The Shining One

Annotations:
D:3 1 runed translucent door, Crazy Yiuf


Message History

You slash the orc!
You kill the orc!
You start resting.
HP restored.
Things that are here:
a +0 club; an orc corpse
Found a stone staircase leading up.
There is an open door here.
Enter note:
Enter note: You open the door.
There is an open door here.
Found a stone staircase leading up.
There is an open door here.
Enter note:
Enter note:
Enter note:
There is an open door here.
You open the door.
There is an open door here.
An ogre comes into view. It is wielding a +0 giant club.
The ogre shouts!
Enter note: You slash the ogre!
The ogre is moderately wounded.
The ogre barely misses you.
You slash the ogre!
The ogre is severely wounded.
The ogre hits you with a +0 giant club!
You closely miss the ogre.
The ogre is severely wounded.
The ogre hits you with a +0 giant club!!
Ouch! That really hurt!
4225 ||| READING scroll of teleportation.
As you read the scroll of teleportation, it crumbles to dust.
You feel strangely unstable.
You hit the ogre.
The ogre is severely wounded.
The ogre hits you with a +0 giant club!
You die...

...#######....
.#........... '...........
#........... #.........
#.......# #....O..#
#...@...# #......<#
#.......#
#######.......####
#.............#..### ....
#.............'....# #....
#.............#....# #....
#.............##..#####....
####'###'#######..#......##


You could see an ogre.

Vanquished Creatures
  2 black bears (D:4)
  2 necrophages
  A jelly (D:4)
  Natasha (thrice) (D:3)
  An iguana (D:4)
  3 gnolls (D:5)
  6 adders
  2 white imps (D:5)
  5 worms
  5 orcs
  9 endoplasms
  6 giant cockroaches
  8 hobgoblins
  8 jackals
  6 quokkas
  4 ball pythons
  8 bats
  4 frilled lizards
  9 goblins
  10 kobolds
  13 rats
115 creatures vanquished.

Notes
Turn   | Place    | Note
-------+----------+-------------------------------------------
     0 | D:1      | qw the Gargoyle Fighter began the quest for the Orb.
     0 | D:1      | Reached XP level 1. HP: 14/14 MP: 1/1
     0 | D:1      | 0 ||| qw: Version: 0.2-a-12-gaebbb33
     0 | D:1      | 0 ||| qw: Game counter: 1620
     0 | D:1      | 0 ||| qw: Always use a shield: true
     0 | D:1      | 0 ||| qw: God list: Okawaru
     0 | D:1      | 0 ||| qw: Allow faded altars: false
     0 | D:1      | 0 ||| qw: Do Orc after D:15 true
     0 | D:1      | 0 ||| qw: Do second Lair branch before Depths: true
     0 | D:1      | 0 ||| qw: Lair rune preference: random
     0 | D:1      | 0 ||| qw: Plans: Normal, Zot:1-4, God:TSO, Crypt, Tomb,
                  | Pan, Slime:5, Hells, Abyss, Orb
     0 | D:1      | 0 ||| PLANNING D:1-11
    23 | D:1      | Reached skill level 2 in Axes
   166 | D:1      | Reached XP level 2. HP: 16/19 MP: 2/2
   425 | D:1      | 425 ||| Stepping ~*~*~tactically~*~*~ (stealth).
   450 | D:1      | Reached skill level 3 in Axes
   537 | D:1      | Reached XP level 3. HP: 23/23 MP: 3/3
  1103 | D:1      | 1103 ||| UPGRADING to +0 plate armour.
  1113 | D:1      | 1113 ||| DROPPING +0 scale mail.
  1114 | D:1      | 1114 ||| READING 2 scrolls labelled AKESIG AFEREFO.
  1115 | D:1      | 1115 ||| READING 2 scrolls labelled KAQICU FYPTAMPI.
  1116 | D:1      | 1116 ||| READING scroll of enchant armour.
  1116 | D:1      | 1116 ||| ENCHANTING +0 plate armour.
  1117 | D:1      | 1117 ||| READING scroll labelled RELUFF MYOHY.
  1161 | D:1      | 1161 ||| READING scroll labelled ZAYM BAKHLI.
  1262 | D:1      | 1262 ||| READING scroll labelled MUYT ZIRAL.
  1263 | D:1      | 1263 ||| DROPPING scroll of noise.
  1438 | D:2      | 1438 ||| Stepping ~*~*~tactically~*~*~ (stealth).
  1439 | D:2      | 1439 ||| Stepping ~*~*~tactically~*~*~ (stealth).
  1442 | D:2      | 1442 ||| Stepping ~*~*~tactically~*~*~ (stealth).
  1443 | D:2      | 1443 ||| Stepping ~*~*~tactically~*~*~ (stealth).
  1454 | D:2      | Reached XP level 4. HP: 23/28 MP: 4/4
  1587 | D:2      | Reached skill level 4 in Axes
  2173 | D:2      | 2173 ||| READING scroll labelled BASOUC NAEPNIEDA.
  2174 | D:2      | 2174 ||| READING scroll labelled YTUNNU WORHIU.
  2175 | D:2      | 2175 ||| READING scroll labelled BOFEPTOMOSCH.
  2176 | D:2      | 2176 ||| READING scroll labelled OROSOAGOQU.
  2204 | D:3      | 2204 ||| STAIRDANCE
  2210 | D:3      | 2210 ||| STAIRDANCE
  2218 | D:3      | 2218 ||| STAIRDANCE
  2275 | D:3      | 2275 ||| DROPPING +0 whip.
  2369 | D:3      | Noticed Natasha
  2370 | D:3      | 2370 ||| Stepping ~*~*~tactically~*~*~ (hiding).
  2380 | D:3      | Killed Natasha
  2381 | D:3      | Reached XP level 5. HP: 20/32 MP: 5/5
  2506 | D:3      | 2506 ||| READING scroll of enchant armour.
  2506 | D:3      | 2506 ||| ENCHANTING +1 plate armour.
  2559 | D:3      | Noticed Natasha
  2565 | D:3      | Killed Natasha
  2566 | D:3      | Reached skill level 5 in Axes
  2624 | D:3      | Noticed Natasha
  2631 | D:3      | Killed Natasha
  2871 | D:3      | Found a runed translucent door.
  2872 | D:3      | Noticed Crazy Yiuf
  3080 | D:3      | 3080 ||| READING scroll labelled YNIANO LIBEU.
  3160 | D:3      | 3160 ||| READING scroll labelled VESTEL HAUSOE.
  3161 | D:3      | 3161 ||| DRINKING 3 red potions.
  3162 | D:3      | 3162 ||| DRINKING 2 emerald potions.
  3262 | D:4      | Reached XP level 6. HP: 39/39 MP: 6/6
  3279 | D:4      | 3279 ||| Stepping ~*~*~tactically~*~*~ (hiding).
  3304 | D:4      | 3304 ||| Stepping ~*~*~tactically~*~*~ (stealth).
  3305 | D:4      | 3305 ||| Stepping ~*~*~tactically~*~*~ (stealth).
  3538 | D:4      | Noticed a black bear
  3546 | D:4      | Killed a black bear
  3547 | D:4      | Reached skill level 6 in Axes
  3571 | D:4      | 3571 ||| Stepping ~*~*~tactically~*~*~ (stealth).
  3633 | D:4      | Reached XP level 7. HP: 41/44 MP: 7/7
  3955 | D:4      | 3955 ||| UPGRADING to ring of willpower.
  3956 | D:4      | 3956 ||| READING 2 scrolls labelled SULYTR FIVUN.
  3957 | D:4      | 3957 ||| DROPPING scroll of butterflies.
  3964 | D:5      | Entered Level 5 of the Dungeon
  4015 | D:5      | Found a glowing golden altar of the Shining One.
  4016 | D:5      | 4016 ||| Stepping ~*~*~tactically~*~*~ (hiding).
  4094 | D:5      | Reached skill level 7 in Axes
  4120 | D:5      | 4120 ||| Stepping ~*~*~tactically~*~*~ (stealth).
  4129 | D:5      | 4129 ||| Stepping ~*~*~tactically~*~*~ (stealth).
  4224 | D:5      | HP: 7/44 [ogre/+0 giant club (22)]
  4225 | D:5      | 4225 ||| READING scroll of teleportation.
  4226 | D:5      | Mangled by an ogre

Levels and vault maps discovered:
D:1:      lemuel_arrival_broad_hall, layout_basic, minivault_25,
          minmay_rat_gold_closets
D:2:      layout_loops_ring, serial_aquarium, aquarium_bridge_straight
          [aquarium_subvault_bridge, aquarium_subvault_window,
          aquarium_subvault_bridge, aquarium_subvault_window],
          aquarium_window_3, aquarium_window_1, aquarium_window_2,
          aquarium_window_1, aquarium_view_2c, aquarium_balcony_3a,
          aquarium_pool_1
D:3:      layout_basic, uniq_natasha, uniq_crazy_yiuf_cottage
D:4:      black_bear_nest_2, layout_basic
D:5:      layout_gridville, kennysheep_small_circle

Skill      XL: |  1  2  3  4  5  6  7 |
---------------+----------------------+-----
Axes           | 2 3 4 5 6 7 |  7.0
Fighting       | 4 |  4.4
Armour         | |  3.2
Shields        | |  3.2

Action                   |  1- 3 |  4- 6 |  7- 9 || total
-------------------------+-------+-------+-------++-------
Melee: War axe           |   107 |   186 |    69 ||   362
  Use: Scroll            |     6 |     7 |     2 ||    15
       Potion            |       |     2 |       ||     2
Armor: Scale mail        |    33 |       |       ||    33
       Plate armour      |     3 |   149 |    60 ||   212
Dodge: Dodged            |    44 |    38 |    18 ||   100
Block: Buckler           |    20 |    39 |     8 ||    67

Table legend:
 A = Non-vault XP
 B = Vault XP
 C = Vault XP percentage of total XP
 D = Non-vault monster count
 E = Vault monster count
 F = Vault count percentage of total count
                 A         B        C        D         E       F
            +---------+---------+-------+---------+---------+-------
      Total |     739 |     187 |  20.2 |     103 |      12 |  10.4
            +---------+---------+-------+---------+---------+-------
        D:1 |      49 |       8 |  14.0 |      29 |       8 |  21.6
        D:2 |      91 |       0 |   0.0 |      27 |       0 |   0.0
        D:3 |     102 |      35 |  25.5 |      20 |       1 |   4.8
        D:4 |     346 |     121 |  25.9 |      19 |       1 |   5.0
        D:5 |     151 |      23 |  13.2 |       8 |       2 |  20.0
            +---------+---------+-------+---------+---------+-------
